 Dungeon Crawl Stone Soup version 0.21.1-1-g345015f (webtiles) character file.

857 GrunderHorse the Shield-Bearer (level 8, 0/67 HPs)
             Began as a Gnoll Fighter on Feb 28, 2018.
             Splashed by a jelly's acid (8 damage)
             ... on level 5 of the Dungeon.
             The game lasted 00:06:00 (3482 turns).

GrunderHorse the Shield-Bearer (Gnoll Fighter)      Turns: 3482, Time: 00:06:01

Health: 0/67       AC:  7    Str: 19    XL:     8   Next: 2%
Magic:  12/12      EV: 15    Int: 10    God:
Gold:   184        SH: 11    Dex: 22    Spells: 12/12 levels left

rFire    . . .     SeeInvis .   o - +0 falchion (flame)
rCold    . . .     Gourm    .   c - +0 shield
rNeg     . . .     Faith    .   b - +0 scale mail
rPois    +         Spirit   .   (no helmet)
rElec    .         Reflect  .   m - +0 cloak
rCorr    .         Harm     .   h - +1 pair of gloves
MR       .....                  (no boots)
Stlth    +++.......             (no amulet)
HPRegen  0.21/turn              j - ring of poison resistance
MPRegen  0.13/turn              u - ring of stealth

@: agile, corroded
A: distributed training, fangs 1, strong nose
a: no special abilities


You were on level 5 of the Dungeon.
You were hungry.

You visited 1 branch of the dungeon, and saw 5 of its levels.

You collected 184 gold pieces.

Inventory:

Hand Weapons
 o - a +0 falchion of flaming (weapon)
Armour
 b - a +0 scale mail (worn)
 c - a +0 shield (worn)
 h - a +1 pair of gloves (worn)
 m - a +0 cloak (worn)
Magical Staves
 n - an uncursed staff of conjuration
Jewellery
 j - a ring of poison resistance (left hand)
 u - a ring of stealth (right hand)
Scrolls
 a - 2 scrolls of amnesia {unknown}
 d - a scroll of immolation {unknown}
 e - 2 scrolls of enchant armour {unknown}
 g - a scroll of random uselessness {unknown}
 l - a scroll of noise {unknown}
 p - a scroll of fog {unknown}
 r - 4 scrolls of identify {unknown}
 t - a scroll of magic mapping {unknown}
 w - 2 scrolls of teleportation {unknown}
Potions
 k - 2 potions of curing
 v - a potion of resistance {unknown}
 x - 2 potions of degeneration {unknown}
Comestibles
 f - 9 rations


   Skills:
 + Level 7.1 Fighting
 + Level 2.8 Short Blades
 + Level 5.4 Long Blades
 + Level 2.8 Axes
 + Level 2.8 Maces & Flails
 + Level 2.8 Polearms
 + Level 2.8 Staves
 + Level 2.8 Slings
 + Level 2.8 Bows
 + Level 2.8 Crossbows
 + Level 2.8 Throwing
 + Level 7.1 Armour
 + Level 2.8 Dodging
 + Level 2.8 Stealth
 + Level 7.1 Shields
 + Level 2.8 Unarmed Combat
 + Level 2.8 Spellcasting
 + Level 2.2 Conjurations
 + Level 2.2 Hexes
 + Level 2.2 Charms
 + Level 2.2 Summonings
 + Level 2.2 Necromancy
 + Level 2.2 Translocations
 + Level 2.2 Transmutations
 + Level 2.2 Fire Magic
 + Level 2.2 Ice Magic
 + Level 2.2 Air Magic
 + Level 2.2 Earth Magic
 + Level 2.2 Poison Magic
 + Level 3.1 Invocations
 + Level 2.8 Evocations


You had 12 spell levels left.
You didn't know any spells.

Dungeon Overview and Level Annotations

Branches:
Dungeon (5/15)
 Temple: D:4-7

Altars:
Yredelemnul

Shops:
D:4 *


Innate Abilities, Weirdness & Mutations

Your experience applies equally to all skills.
You have very sharp teeth.
Your uncanny sense of smell can sniff out nearby items.


Message History

You burn the jelly. You bite the jelly, but do no damage.
The jelly is almost dead.
It was a potion of agility.
You feel agile all of a sudden. You block the centaur's attack.
You block the worker ant's attack. The orc barely misses you.
You riposte.
You closely miss the orc. The jelly barely misses you.
You hit the jelly but do no damage.
Your hands burn!
* * * LOW HITPOINT WARNING * * *
The jelly is almost dead.
The centaur misses you.
The worker ant bites you but does no damage.
The orc hits you with a flail.
* * * LOW HITPOINT WARNING * * *
The centaur hits you.
* * * LOW HITPOINT WARNING * * *
The jelly hits you.
* * * LOW HITPOINT WARNING * * *
You are splashed with acid!
The acid burns!
You die...

...# ###.#.##
#######.############.#.#
.......................##
######.############..)..
#.# ###### #######.#
######∆ ∆
........##...$.#
########ao.[# ∆ ∆
.......@[..# ......Jc...+
.....##....# ###+#
##.##8. ..# #... ... ....
..# .## .... #


You could see a centaur, a jelly, a worker ant and an orc.

Vanquished Creatures
  Prince Ribbit (D:5)
  2 ogres (D:4)
  A centaur (D:3)
  Blork the orc (D:4)
  A scorpion (D:5)
  A crimson imp (D:5)
  2 orc priests
  An orc wizard (D:3)
  A worker ant (D:3)
  A worker ant zombie (D:5)
  4 adders
  A shadow imp (D:3)
  An ooze (D:2)
  2 worms
  3 dart slugs
  7 leopard geckos
  6 orcs
  A ball python (D:1)
  4 giant cockroaches
  9 goblins
  9 hobgoblins
  A quokka (D:3)
  15 bats
  5 frilled lizards
  6 kobolds
  A quokka skeleton (D:5)
  3 rats
90 creatures vanquished.

Notes
Turn   | Place    | Note
-------+----------+-------------------------------------------
     0 | D:1      | GrunderHorse the Gnoll Fighter began the quest for the Orb.
     0 | D:1      | Reached XP level 1. HP: 23/23 MP: 1/1
   240 | D:1      | Reached XP level 2. HP: 21/29 MP: 2/2
   961 | D:2      | Reached XP level 3. HP: 35/35 MP: 3/3
  1076 | D:2      | Reached skill level 1 in Invocations
  1332 | D:2      | Reached skill level 1 in Short Blades
  1332 | D:2      | Reached skill level 1 in Axes
  1332 | D:2      | Reached skill level 1 in Maces & Flails
  1332 | D:2      | Reached skill level 1 in Polearms
  1332 | D:2      | Reached skill level 1 in Staves
  1332 | D:2      | Reached skill level 1 in Slings
  1332 | D:2      | Reached skill level 1 in Bows
  1332 | D:2      | Reached skill level 1 in Crossbows
  1332 | D:2      | Reached skill level 1 in Throwing
  1332 | D:2      | Reached skill level 1 in Dodging
  1332 | D:2      | Reached skill level 1 in Stealth
  1332 | D:2      | Reached skill level 1 in Unarmed Combat
  1332 | D:2      | Reached skill level 1 in Spellcasting
  1332 | D:2      | Reached skill level 1 in Evocations
  1505 | D:2      | Reached XP level 4. HP: 40/41 MP: 5/5
  2010 | D:3      | Reached skill level 1 in Conjurations
  2010 | D:3      | Reached skill level 1 in Hexes
  2010 | D:3      | Reached skill level 1 in Charms
  2010 | D:3      | Reached skill level 1 in Summonings
  2010 | D:3      | Reached skill level 1 in Necromancy
  2010 | D:3      | Reached skill level 1 in Translocations
  2010 | D:3      | Reached skill level 1 in Transmutations
  2010 | D:3      | Reached skill level 1 in Fire Magic
  2010 | D:3      | Reached skill level 1 in Ice Magic
  2010 | D:3      | Reached skill level 1 in Air Magic
  2010 | D:3      | Reached skill level 1 in Earth Magic
  2010 | D:3      | Reached skill level 1 in Poison Magic
  2010 | D:3      | Reached XP level 5. HP: 18/47 MP: 6/6
  2604 | D:3      | Noticed a centaur
  2635 | D:3      | Killed a centaur
  2635 | D:3      | Reached XP level 6. HP: 38/53 MP: 8/8
  2944 | D:4      | Noticed Blork the orc
  2966 | D:4      | Killed Blork the orc
  2966 | D:4      | Reached skill level 5 in Long Blades
  2982 | D:4      | Found a basalt altar of Yredelemnul.
  2989 | D:4      | Found Reol's General Store.
  3065 | D:4      | Reached XP level 7. HP: 43/59 MP: 10/10
  3331 | D:5      | Entered Level 5 of the Dungeon
  3385 | D:5      | Noticed Prince Ribbit
  3416 | D:5      | Killed Prince Ribbit
  3474 | D:5      | Reached XP level 8. HP: 51/67 MP: 12/12
  3482 | D:5      | Splashed by a jelly's acid

Skill      XL: |  1  2  3  4  5  6  7 |
---------------+----------------------+-----
Invocations    | 1 2 3 |  3.1
Short Blades   | 1 2 |  2.8
Axes           | 1 2 |  2.8
Maces & Flails | 1 2 |  2.8
Polearms       | 1 2 |  2.8
Staves         | 1 2 |  2.8
Slings         | 1 2 |  2.8
Bows           | 1 2 |  2.8
Crossbows      | 1 2 |  2.8
Throwing       | 1 2 |  2.8
Dodging        | 1 2 |  2.8
Stealth        | 1 2 |  2.8
Unarmed Combat | 1 2 |  2.8
Spellcasting   | 1 2 |  2.8
Evocations     | 1 2 |  2.8
Conjurations   | 1 2 |  2.2
Hexes          | 1 2 |  2.2
Charms         | 1 2 |  2.2
Summonings     | 1 2 |  2.2
Necromancy     | 1 2 |  2.2
Translocations | 1 2 |  2.2
Transmutations | 1 2 |  2.2
Fire Magic     | 1 2 |  2.2
Ice Magic      | 1 2 |  2.2
Air Magic      | 1 2 |  2.2
Earth Magic    | 1 2 |  2.2
Poison Magic   | 1 2 |  2.2
Long Blades    | 5 |  5.4
Fighting       | 7 |  7.1
Armour         | 7 |  7.1
Shields        | 7 |  7.1

Action                   |  1- 3 |  4- 6 |  7- 9 || total
-------------------------+-------+-------+-------++-------
Melee: Long sword        |    59 |       |       ||    59
       Bite              |    11 |    19 |    12 ||    42
       Falchion          |    29 |   131 |    54 ||   214
  Use: Potion            |       |     1 |     3 ||     4
 Stab: Sleeping          |       |     2 |     2 ||     4
  Eat: Chunk             |     2 |     4 |     2 ||     8
Armor: Scale mail        |    37 |    48 |    32 ||   117
Dodge: Dodged            |    27 |    32 |    33 ||    92
Block: Shield            |    48 |    74 |    38 ||   160
       Rpst.: Long sword |     8 |       |       ||     8
       Falchion          |     3 |    12 |    14 ||    29
